nasdbnksdnkb, neutral female scurrid Tourist }}}}}}}}}}}}}}}}}}}}}}}}}}}}}}}}}}}}}}}}}}}}}}}}}} .}}}}}}}}}}}}}}}}}}}} }}}}}}}}}}}}}}}.}} }}}}}}}}}}}}}}}}} .}}}}}}}}.}}} }}}..}}}}<.#.}}}}}}...# +.# # #..}}}}}...}}}}}.....# }}}}......# #......}}}}.^#..}}.}}}.}}...}}}}}.# #.}}}}.....}}}}}}.# }}}}}.`# #..}}}}}}}}}}}}}#.}}}}}}}}..}}}}}}}} }}}}...}}}}}}}}}}}}}}}}}}}#.}}}}}}}}}}}}}}}}`# .......}}}}}}..}}}}}}}}}.}}}}}}}}}}}} }}}}}}}}}}}}}}}}}.}}}. #...} #}}}}}}}}}}}....}}}}}}}}}}# }}.# }...}}}}}}}}}}}}}}*..}} }..}}}}}}}}}}}.#...}}}}}}}}.# #... # ...}}}}}}}}}}}}}.}}}}}} }}}}}}}....}}}}}}} .}}`}}}}}}}}}} .... # .}}}}}.# }}}}}}}}}}} }}}}}}}}}}}}(. #..}}}} }}}}}}}}..}}}}} --- `-+- # }}}....} }}}}}}} }}}}.}..}}}}}}} #.?...} }}}}}}}}..#.}}}}.# |@. }.}}}}}.. }}} }}} #.}...}. #.#.} }}}.}}}}}}} ...}}.. |.@ }}}}..# }..}}}. } }}}...}}}}} }}}}}}}# ..# }}}}}..} }}?}.#..}}}} }}}}}}} .. }}}}} }}}}}} }.}}}}} }}}}}}}} }}} }}}}}} }}}}}} }}}}}}}} nasdbnksdnkb the Rambler Experience level: 1 Strength: 12 Dexterity: 10 Constitution: 11 Intelligence: 15 Wisdom: 12 Charisma: 18 Health: 18(18) Energy: 2(2) Def: 0 Gold: 38 Moves: 270 Dungeon seed: G77wnW7xHmmUx560 Game ID: nasdbnksdnkb_1528521989 Your Inventory: Coins $ - 38 gold pieces Weapons a - 50 uncursed +2 darts (in quiver) Armor e - an uncursed +0 Hawaiian shirt (being worn) Comestibles b - an uncursed fortune cookie c - 5 uncursed eggs d - 2 uncursed tripe rations f - 3 uncursed chestnuts Scrolls h - 3 uncursed scrolls of magic mapping Potions m - an uncursed potion of hallucination Wands k - an uncursed wand of secret door detection (0:12) Tools i - an uncursed expensive camera (0:91) j - an uncursed credit card l - an uncursed tin opener Spells and supernatural/magical abilities: Name Level Category Fail Memory W - pray for help -- divine ? -- Your skills at the end: Miscellaneous Skills wands [Basic] Weapon Skills dart [Basic] Spellcasting Skills Final Attributes: You were devoutly aligned. Your writing paw was cramped from overuse. You had infravision. You were very stealthy. You are dead. Vanquished creatures: a yellow light a puppy a gecko a newt 2 grid bugs 6 creatures vanquished. Voluntary challenges: You went without food. You did not adorn yourself with jewelry or accessories. You did not cause conflict. You were not invisible. You did not have reflection. You were not displaced. You were an atheist. You never hit with a wielded weapon. You were a pacifist. You did not use containers. You did not apply a unicorn horn. You did not use plumbed fixtures. You read items or engraved 4 times, starting on turn 43. You never genocided any monsters. You never polymorphed an object. You never changed form. You used no wishes. You never split a pudding. You wrote Elbereth's name 3 times, starting on turn 43. You never violated your personal moral code. Dungeon overview: The Dungeons of Doom: levels 1 to 23 Level 1 a long staircase Level 2 Level 3 Level 4 a long staircase Level 5 Level 6 Level 7 Level 8 an armor shop Level 9 Level 10 Level 11 Level 12 Level 13 Level 14 Level 15 Level 16 Level 17 a fountain Level 18 Level 19 a fountain Level 20 Level 21 Level 22 <- You were here many trees Level 23 History has recorded: On T:1 you entered the Dungeons of Doom to retrieve the Amulet of Yendor! On T:10 you reached level 2 of The Dungeons of Doom. On T:16 you reached level 3 of The Dungeons of Doom. On T:23 you reached level 4 of The Dungeons of Doom. On T:29 you reached level 5 of The Dungeons of Doom. On T:36 you reached level 6 of The Dungeons of Doom. On T:42 you reached level 7 of The Dungeons of Doom. On T:49 you reached level 8 of The Dungeons of Doom. On T:56 you reached level 9 of The Dungeons of Doom. On T:63 you reached level 10 of The Dungeons of Doom. On T:85 you reached level 11 of The Dungeons of Doom. On T:94 you reached level 12 of The Dungeons of Doom. On T:102 you reached level 13 of The Dungeons of Doom. On T:109 you reached level 14 of The Dungeons of Doom. On T:116 you reached level 15 of The Dungeons of Doom. On T:116 you entered the Rogue tribute level. On T:133 you reached level 16 of The Dungeons of Doom. On T:145 you reached level 17 of The Dungeons of Doom. On T:153 you reached level 18 of The Dungeons of Doom. On T:166 you reached level 19 of The Dungeons of Doom. On T:193 you reached level 20 of The Dungeons of Doom. On T:202 you reached level 21 of The Dungeons of Doom. On T:208 you reached level 22 of The Dungeons of Doom. On T:216 you reached level 23 of The Dungeons of Doom. Score breakdown: Gold: 0 ( 0 points) Experience: 1 level ( 0 points) Exploration: 23 levels ( 660 points) Discoveries: 1 item ( 50 points) Variety of kills: 5 monsters ( 250 points) Major goal: (nothing yet) ( 0 points) Survival: died (score multiplied by 3) Total score: 2880 Latest messages: You see here a statue of a gremlin. The statue comes to life! You write in the dust with your fingers. Your writing paw is beginning to cramp. You manage to get your message written, but the effort is draining. The gremlin turns to flee! You start chewing a hole in the rock. You continue digging. You continue chewing on the rock. You make an opening in the wall. You start chewing a hole in the rock. You continue digging. You stop digging. You continue chewing on the rock. You continue digging. You succeed in cutting away some rock. You start chewing a hole in the rock. You continue digging. You continue chewing on the rock. You make an opening in the wall. You meet Medusa's gaze. You turn to stone... Final status: Aloha nasdbnksdnkb the Tourist, petrified by catching the eye of Medusa... You turned to stone in The Dungeons of Doom on dungeon level 22 with 2880 points, and 38 pieces of gold, after 270 moves. You were level 1 with a maximum of 18 hit points when you turned to stone.